HBL
COLUMBUS CLIPPERS @ BLUFF CITY BEASTIES
04/09/1997
 
TOP OF THE 1ST
Columbus Clippers batting - Pitching for Bluff City Beasties : RHP Mike K Johnson
Pitching: RHP Mike K Johnson
Batting: LHB Ed Giovanola 0-0: Ball
1-0: Fly out, F5 (Popup, 5S, EV 74.4 MPH)
Batting: RHB Carlos Garcia 0-0: Called Strike
0-1: Fly out, F7 (Flyball, 7LM, EV 90.0 MPH)
Batting: RHB Bubba Trammell 0-0: Ball
1-0: SINGLE (Line Drive, 4D, EV 99.4 MPH)
Batting: RHB Derrek Lee 0-0: Called Strike
0-1: Ball
1-1: Ball
2-1: Fly out, F8 (Flyball, 78D, EV 81.9 MPH)
Top of the 1st over - 0 runs, 1 hit, 0 errors, 1 left on base; Columbus 0 - Bluff City 0
BOTTOM OF THE 1ST
Bluff City Beasties batting - Pitching for Columbus Clippers : RHP Jamey Wright
Pitching: RHP Jamey Wright
Batting: SHB Brian McRae 0-0: Ball
1-0: Reached on error, E4 (Flyball, 4MD, EV 78.8 MPH)
Batting: LHB Jeff Treadway 0-0: Ball
1-0: Called Strike
1-1: Called Strike
1-2: DOUBLE (Line Drive, 9LS, EV 96.3 MPH)
Brian McRae to third
Batting: SHB Felix Jose 0-0: Ball
1-0: Foul Ball, location: 2F
1-1: Ball
2-1: SINGLE (Groundball, 4MD, EV 97.5 MPH)
Brian McRae scores
Jeff Treadway to third
Runner from 3rd tries for Home, SAFE, throw by CF to home
Batting: LHB Paul Sorrento 0-0: Called Strike
0-1: Ball
1-1: Ball
2-1: Grounds out, U3 (Groundball, 3L, EV 96.9 MPH)
Batting: RHB Jeff Manto 0-0: Foul Ball, location: 2F
0-1: Ball
1-1: Ball
2-1: Ball
3-1: SINGLE (Line Drive, 7S, EV 93.1 MPH)
Felix Jose to third
Batting: LHB Dan Pasqua 0-0: Ball
1-0: Foul Ball, location: 2F
1-1: Fly out, F7 (Flyball, 7, EV 91.3 MPH)
Runner from 3rd tags up, SCORES, throw by LF
Batting: RHB Tom Evans 0-0: Ball
1-0: Called Strike
1-1: Called Strike
1-2: Ball
2-2: Strikes out swinging
Bottom of the 1st over - 3 runs, 3 hits, 1 error, 1 left on base; Columbus 0 - Bluff City 3
TOP OF THE 2ND
Columbus Clippers batting - Pitching for Bluff City Beasties : RHP Mike K Johnson
Batting: RHB Wendell Magee 0-0: Ball
1-0: Ball
2-0: Swinging Strike
2-1: Foul Ball, location: 2F
2-2: Foul Ball, location: 2F
2-2: Foul Ball, location: 2F
2-2: Ball
3-2: Fly out, F5 (Popup, 56, EV 78.1 MPH)
Batting: LHB Alex Hernandez 0-0: Ball
1-0: Ball
2-0: Ball
3-0: Called Strike
3-1: Foul Ball, location: 2F
3-2: SINGLE (Groundball, 4D, EV 104.4 MPH)
Batting: RHB Kevin Orie 0-0: Foul Ball, location: 2F
0-1: Foul Ball, location: 2F
0-2: Ball
1-2: SINGLE (Groundball, 4MD, EV 104.4 MPH)
Alex Hernandez to second
Runner from 2nd tries for 3rd, SAFE, throw by CF made to third
Batting: LHB Kenjiro Nomura 0-0: Called Strike
0-1: Foul Ball, location: 2F
0-2: Foul Ball, location: 2F
0-2: Strikes out looking
Batting: RHB Alberto T Castillo 0-0: SINGLE (Groundball, 6MD, EV 96.9 MPH)
Alex Hernandez scores
Kevin Orie to second
Batting: LHB Ed Giovanola 0-0: Ball
1-0: Called Strike
1-1: Ball
2-1: Ball
3-1: Called Strike
3-2: Foul Ball, location: 2F
3-2: Foul Ball, location: 2F
3-2: Foul Ball, location: 2F
3-2: SINGLE (Groundball, 6M, EV 77.5 MPH) (infield hit)
Kevin Orie to third
Alberto T Castillo to second
Batting: RHB Carlos Garcia 0-0: Called Strike
0-1: Swinging Strike
0-2: Strikes out swinging
Top of the 2nd over - 1 run, 4 hits, 0 errors, 3 left on base; Columbus 1 - Bluff City 3
BOTTOM OF THE 2ND
Bluff City Beasties batting - Pitching for Columbus Clippers : RHP Jamey Wright
Batting: RHB Pat Watkins 0-0: Ball
1-0: Called Strike
1-1: Fly out, F8 (Flyball, 8RD, EV 91.9 MPH)
Batting: RHB Angelo Encarnacion 0-0: Called Strike
0-1: SINGLE (Groundball, 56D, EV 101.9 MPH)
Batting: SHB Brian McRae 0-0: Ball
1-0: Called Strike
1-1: Swinging Strike
1-2: Fly out, F7 (Flyball, 7LSF, EV 90.0 MPH)
Batting: LHB Jeff Treadway 0-0: Ground out 1-3 (Groundball, 13S, EV 64.4 MPH)
Bottom of the 2nd over - 0 runs, 1 hit, 0 errors, 1 left on base; Columbus 1 - Bluff City 3
TOP OF THE 3RD
Columbus Clippers batting - Pitching for Bluff City Beasties : RHP Mike K Johnson
Batting: RHB Bubba Trammell 0-0: Called Strike
0-1: Ball
1-1: SOLO HOME RUN (Flyball, 7D, EV 97.5 MPH), Distance : 365 ft
Batting: RHB Derrek Lee 0-0: Ground out 4-3 (Groundball, 4M, EV 105.0 MPH)
Batting: RHB Wendell Magee 0-0: Ball
1-0: Ball
2-0: Swinging Strike
2-1: Fly out, F7 (Flyball, 7S, EV 87.5 MPH)
Batting: LHB Alex Hernandez 0-0: SINGLE (Groundball, 5S, EV 60.0 MPH) (infield hit)
Batting: RHB Kevin Orie 0-0: Called Strike
0-1: Fly out, F8 (Flyball, 8LXD, EV 106.9 MPH)
Top of the 3rd over - 1 run, 2 hits, 0 errors, 1 left on base; Columbus 2 - Bluff City 3
BOTTOM OF THE 3RD
Bluff City Beasties batting - Pitching for Columbus Clippers : RHP Jamey Wright
Batting: SHB Felix Jose 0-0: Ball
1-0: Called Strike
1-1: Foul Ball, location: 2F
1-2: Ball
2-2: SINGLE (Flyball, 7LM, EV 101.3 MPH) - OUT at second base trying to stretch hit.
Batting: LHB Paul Sorrento 0-0: Called Strike
0-1: SINGLE (Groundball, 34D, EV 103.1 MPH)
Batting: RHB Jeff Manto 0-0: Ball
1-0: Foul Ball, location: 2F
1-1: SINGLE (Groundball, 4, EV 105.6 MPH) (infield hit)
Paul Sorrento to second
Batting: LHB Dan Pasqua 0-0: Swinging Strike
0-1: Fly out, F8 (Flyball, 8RM, EV 89.4 MPH)
Batting: RHB Tom Evans 0-0: Fly out, F9 (Flyball, 9, EV 84.4 MPH)
Bottom of the 3rd over - 0 runs, 3 hits, 0 errors, 2 left on base; Columbus 2 - Bluff City 3
TOP OF THE 4TH
Columbus Clippers batting - Pitching for Bluff City Beasties : RHP Mike K Johnson
Batting: LHB Kenjiro Nomura 0-0: Fly out, F9 (Flyball, 9, EV 80.6 MPH)
Batting: RHB Alberto T Castillo 0-0: Called Strike
0-1: Swinging Strike
0-2: Ball
1-2: Foul Ball, location: 2F
1-2: Strikes out swinging
Batting: LHB Ed Giovanola 0-0: Ball
1-0: Foul Ball, location: 2F
1-1: Called Strike
1-2: Ball
2-2: Ball
3-2: Base on Balls
Batting: RHB Carlos Garcia 0-0: Ball
1-0: Ball
2-0: Foul Ball, location: 2F
2-1: Ball
3-1: Base on Balls
Ed Giovanola to second
Batting: RHB Bubba Trammell 0-0: Ball
1-0: Fly out, F8 (Flyball, 8RS, EV 76.9 MPH)
Top of the 4th over - 0 runs, 0 hits, 0 errors, 2 left on base; Columbus 2 - Bluff City 3
BOTTOM OF THE 4TH
Bluff City Beasties batting - Pitching for Columbus Clippers : RHP Jamey Wright
Batting: RHB Pat Watkins 0-0: Ball
1-0: Foul Ball, location: 2F
1-1: Fly out, F9 (Flyball, 9LS, EV 95.0 MPH)
Batting: RHB Angelo Encarnacion 0-0: Called Strike
0-1: Foul Ball, location: 2F
0-2: Ball
1-2: Ball
2-2: Ball
3-2: Foul Ball, location: 2F
3-2: SINGLE (Flyball, 89S, EV 91.9 MPH)
Batting: SHB Brian McRae 0-0: Ball
1-0: Fly out, F7 (Flyball, 7LDF, EV 105.6 MPH)
Batting: LHB Jeff Treadway 0-0: Ball
1-0: Foul Ball, location: 2F
1-1: Foul Ball, location: 2F
1-2: Strikes out looking
Bottom of the 4th over - 0 runs, 1 hit, 0 errors, 1 left on base; Columbus 2 - Bluff City 3
TOP OF THE 5TH
Columbus Clippers batting - Pitching for Bluff City Beasties : RHP Mike K Johnson
Batting: RHB Derrek Lee 0-0: Ball
1-0: Ground out 4-3 (Groundball, 34, EV 109.4 MPH)
Batting: RHB Wendell Magee 0-0: Ball
1-0: SINGLE (Groundball, 6M, EV 81.9 MPH) (infield hit)
Batting: LHB Alex Hernandez 0-0: Ball
Wild Pitch!
Wendell Magee to second
1-0: Ball
2-0: Ground out U3 (Groundball, 3L, EV 90.0 MPH)
Wendell Magee to third
Batting: RHB Kevin Orie 0-0: Fly out, F8 (Flyball, 8RS, EV 83.1 MPH)
Top of the 5th over - 0 runs, 1 hit, 0 errors, 1 left on base; Columbus 2 - Bluff City 3
BOTTOM OF THE 5TH
Bluff City Beasties batting - Pitching for Columbus Clippers : RHP Jamey Wright
Batting: SHB Felix Jose 0-0: Called Strike
0-1: Called Strike
0-2: Fly out, F8 (Flyball, 8LS, EV 93.1 MPH)
Batting: LHB Paul Sorrento 0-0: Called Strike
0-1: Ball
1-1: Ball
2-1: Ball
3-1: Foul Ball, location: 2F
3-2: Fly out, F7 (Line Drive, 7, EV 91.3 MPH)
Batting: RHB Jeff Manto 0-0: Foul Ball, location: 2F
0-1: Ball
1-1: Swinging Strike
1-2: Ball
2-2: Foul Ball, location: 2F
2-2: SINGLE (Groundball, 6D, EV 95.0 MPH)
Batting: LHB Dan Pasqua 0-0: Ball
1-0: Ball
2-0: Called Strike
2-1: Called Strike
2-2: 2-RUN HOME RUN (Flyball, 89XD, EV 106.3 MPH), Distance : 418 ft
Pitching: RHP Brian Boehringer
Batting: RHB Tom Evans 0-0: Ball
1-0: Ball
2-0: Fly out, F9 (Flyball, 9, EV 78.1 MPH)
Bottom of the 5th over - 2 runs, 2 hits, 0 errors, 0 left on base; Columbus 2 - Bluff City 5
TOP OF THE 6TH
Columbus Clippers batting - Pitching for Bluff City Beasties : RHP Mike K Johnson
Batting: LHB Kenjiro Nomura 0-0: Called Strike
0-1: Ball
1-1: DOUBLE (Flyball, 89XD, EV 91.9 MPH)
Batting: RHB Alberto T Castillo 0-0: Called Strike
0-1: Ball
1-1: Foul Ball, location: 2F
1-2: Ball
2-2: Ball
3-2: Fly out, F9 (Line Drive, 9D, EV 86.9 MPH)
Runner from 2nd tags up, SAFE at 3rd, no throw by RF
Batting: LHB Ed Giovanola 0-0: Ball
1-0: Ball
2-0: Foul Ball, location: 2F
2-1: Ground out 5-3 (Groundball, 56, EV 103.1 MPH)
Kenjiro Nomura scores
Batting: RHB Carlos Garcia 0-0: Ball
1-0: Ball
2-0: Ground out 6-3 (Groundball, 6, EV 105.6 MPH)
Top of the 6th over - 1 run, 1 hit, 0 errors, 0 left on base; Columbus 3 - Bluff City 5
BOTTOM OF THE 6TH
Bluff City Beasties batting - Pitching for Columbus Clippers : RHP Brian Boehringer
Batting: RHB Pat Watkins 0-0: Foul Ball, location: 2F
0-1: Called Strike
0-2: SINGLE (Flyball, 78M, EV 86.3 MPH)
Batting: RHB Angelo Encarnacion 0-0: Ball
1-0: Ball
2-0: Sac Bunt to 2L - play at first, batter OUT! 2-4
Pat Watkins to second
Batting: SHB Brian McRae 0-0: Ball
1-0: Ball
2-0: Foul Ball, location: 2F
2-1: TRIPLE (Flyball, 8RXD, EV 110.0 MPH)
Pat Watkins scores
Pinch Hitting: RHB Charlie Hayes 0-0: Ball
1-0: Ball
2-0: Called Strike
2-1: Foul Ball, location: 2F
2-2: Ball
3-2: Strikes out swinging
Batting: SHB Felix Jose 0-0: Foul Ball, location: 2F
0-1: 2-RUN HOME RUN (Flyball, 89XD, EV 96.3 MPH), Distance : 424 ft
Batting: LHB Paul Sorrento 0-0: Swinging Strike
0-1: SINGLE (Groundball, 4D, EV 99.4 MPH)
Pitching: RHP Chris Brock
Batting: RHB Jeff Manto 0-0: Ball
1-0: Ground out U3 (Groundball, 3S, EV 69.4 MPH)
Bottom of the 6th over - 3 runs, 4 hits, 0 errors, 1 left on base; Columbus 3 - Bluff City 8
TOP OF THE 7TH
Columbus Clippers batting - Pitching for Bluff City Beasties : RHP Mike K Johnson
Pitching: LHP Dan Serafini
Now at SS: Charlie Hayes
Batting: RHB Bubba Trammell 0-0: Called Strike
0-1: Foul Ball, location: 2F
0-2: Ball
1-2: Strikes out swinging
Batting: RHB Derrek Lee 0-0: Called Strike
0-1: Foul Ball, location: 2F
0-2: Foul Ball, location: 2F
0-2: Ball
1-2: Ball
2-2: Foul Ball, location: 2F
2-2: Ball
3-2: Fly out, F8 (Flyball, 8RXD, EV 90.0 MPH)
Batting: RHB Wendell Magee 0-0: Reached on error, E6 (Groundball, 6, EV 86.3 MPH)
Batting: LHB Alex Hernandez 0-0: Ball
1-0: Foul Ball, location: 2F
1-1: Ball
2-1: Ball
Wild Pitch!
Wendell Magee to third
3-1: Swinging Strike
3-2: DOUBLE (Line Drive, 9LS, EV 107.5 MPH)
Wendell Magee scores
Batting: RHB Kevin Orie 0-0: Foul Ball, location: 2F
0-1: SINGLE (Groundball, 6MD, EV 106.9 MPH)
Alex Hernandez to third
Runner from 3rd tries for Home, SAFE, throw by CF to home
Batting: LHB Kenjiro Nomura 0-0: Ball
1-0: Ball
Passed Ball!
Kevin Orie to second
2-0: Called Strike
2-1: Ball
3-1: SINGLE (Groundball, 56D, EV 104.4 MPH)
Kevin Orie to third
Runner from 3rd tries for Home, SAFE, throw by LF to home
Pitching: RHP Joe Hudson
Batting: RHB Alberto T Castillo 0-0: Called Strike
Kenjiro Nomura steals 2nd base
0-1: Ground out 4-3 (Groundball, 4, EV 83.8 MPH)
Top of the 7th over - 3 runs, 3 hits, 1 error, 1 left on base; Columbus 6 - Bluff City 8
BOTTOM OF THE 7TH
Bluff City Beasties batting - Pitching for Columbus Clippers : RHP Chris Brock
Batting: LHB Dan Pasqua 0-0: Ball
1-0: Called Strike
1-1: Called Strike
1-2: Ball
2-2: Foul Ball, location: 2F
2-2: Ball
3-2: Fly out, F8 (Flyball, 78D, EV 108.1 MPH)
Batting: RHB Tom Evans 0-0: Swinging Strike
0-1: Foul Ball, location: 3F, Error on foul ball, E3
0-2: Foul Ball, location: 2F
0-2: Ball
1-2: Ball
2-2: Ball
3-2: Foul Ball, location: 2F
3-2: SINGLE (Line Drive, 8LS, EV 97.5 MPH)
Batting: RHB Pat Watkins 0-0: Called Strike
0-1: Fly out, F8 (Flyball, 8LS, EV 95.6 MPH)
Batting: RHB Angelo Encarnacion 0-0: Called Strike
0-1: Ball
1-1: Ground out 4-3 (Groundball, 4, EV 83.8 MPH)
Bottom of the 7th over - 0 runs, 1 hit, 1 error, 1 left on base; Columbus 6 - Bluff City 8
TOP OF THE 8TH
Columbus Clippers batting - Pitching for Bluff City Beasties : RHP Joe Hudson
Batting: LHB Ed Giovanola 0-0: Ground out 4-3 (Groundball, 34, EV 103.8 MPH)
Batting: RHB Carlos Garcia 0-0: Fly out, F9 (Flyball, 9, EV 80.0 MPH)
Batting: RHB Bubba Trammell 0-0: Called Strike
0-1: Ball
1-1: Ball
2-1: Ground out 6-3 (Groundball, 6, EV 93.8 MPH)
Top of the 8th over - 0 runs, 0 hits, 0 errors, 0 left on base; Columbus 6 - Bluff City 8
BOTTOM OF THE 8TH
Bluff City Beasties batting - Pitching for Columbus Clippers : RHP Chris Brock
Batting: SHB Brian McRae 0-0: Ground out 6-3 (Groundball, 6, EV 97.5 MPH)
Batting: RHB Charlie Hayes 0-0: Foul Ball, location: 2F
0-1: Fly out, F9 (Flyball, 89S, EV 98.8 MPH)
Batting: SHB Felix Jose 0-0: Called Strike
0-1: Ball
1-1: Foul Ball, location: 2F
1-2: Ball
2-2: Foul Ball, location: 2F
2-2: Fly out, F3 (Popup, 3F, EV 62.5 MPH)
Bottom of the 8th over - 0 runs, 0 hits, 0 errors, 0 left on base; Columbus 6 - Bluff City 8
TOP OF THE 9TH
Columbus Clippers batting - Pitching for Bluff City Beasties : RHP Joe Hudson
Pitching: RHP Brad Clontz
Batting: RHB Derrek Lee 0-0: Called Strike
0-1: Foul Ball, location: 2F
0-2: Strikes out swinging
Batting: RHB Wendell Magee 0-0: Called Strike
0-1: Swinging Strike
0-2: Ball
1-2: Ball
2-2: Ball
3-2: Strikes out swinging
Batting: LHB Alex Hernandez 0-0: Ball
1-0: Swinging Strike
1-1: Ball
2-1: Called Strike
2-2: Foul Ball, location: 2F
2-2: Foul Ball, location: 2F
2-2: Ball
3-2: Base on Balls
Batting: RHB Kevin Orie 0-0: Ball
1-0: Ball
2-0: Foul Ball, location: 2F
2-1: Ball
3-1: Base on Balls
Alex Hernandez to second
Batting: LHB Kenjiro Nomura 0-0: Ball
1-0: Ball
2-0: SINGLE (Groundball, 6M, EV 101.9 MPH) (infield hit)
Alex Hernandez to third
Kevin Orie to second
Pinch Hitting: LHB Chris Pritchett 0-0: Called Strike
0-1: Called Strike
0-2: Ball
1-2: Strikes out swinging
Top of the 9th over - 0 runs, 1 hit, 0 errors, 3 left on base; Columbus 6 - Bluff City 8
Friday, January 23rd, 2026 - OOTP Baseball 20.8 Build 74